 Dungeon Crawl Stone Soup version 0.27.1-34-g3ba077fa99 (console) character file.

Game seed: 10059463084550807800

19254 Banquo the Cleaver (level 13, -10/101 HPs)
             Began as a Formicid Fighter on Feb 8, 2022.
             Was a High Priest of Trog.
             Mangled by a fire crab (13 damage)
             ... on level 4 of the Lair of Beasts.
             The game lasted 01:08:59 (17920 turns).

Banquo the Cleaver (Formicid Fighter)              Turns: 17920, Time: 01:09:00

Health: -10/101    AC: 16    Str: 32    XL:     13   Next: 3%
Magic:  13/13      EV: 11    Int: 14    God:    Trog [*****.]
Gold:   1551       SH: 13    Dex: 10    Spells: 12/12 levels left

rFire    . . .     SeeInvis +   a - +1 war axe (elec)
rCold    . . .     Faith    +   i - +1 kite shield
rNeg     . . .     Spirit   .   d - +3 chain mail {Will+}
rPois    .         Reflect  .   (helmet unavailable)
rElec    .         Harm     .   (no cloak)
rCorr    .         Rampage  .   g - +0 pair of gloves
Will     ++...                  (no boots)
Stlth    ..........             v - amulet of faith
HPRegen  0.26/turn              H - +6 ring of strength
MPRegen  0.13/turn              Q - +6 ring of intelligence

@: no status effects
A: permanent stasis, dig shafts and tunnels, antennae 3, four strong arms
a: Dig, Shaft Self, Renounce Religion, Trog's Hand, Brothers in Arms


You were on level 4 of the Lair of Beasts.
You worshipped Trog.
Trog was extremely pleased with you.
You visited 2 branches of the dungeon, and saw 15 of its levels.
You also visited: Sewer.

You collected 1600 gold pieces.
You spent 49 gold pieces at shops.

Inventory:

Hand Weapons
 a - a +1 war axe of electrocution (weapon)
 b - a +2 spear of flaming
 c - a +1 dire flail of protection
 l - a +0 flail of holy wrath
 A - a +2 rapier of venom
Missiles
 h - 73 bolts
 j - 7 javelins
 k - 105 arrows
 n - 10 poisoned darts
 p - 2 throwing nets
 q - 234 stones
 s - 2 curare-tipped darts
 w - 8 boomerangs
Armour
 d - a +3 chain mail of willpower (worn)
 g - a +0 pair of gloves (worn)
 i - a +1 kite shield (worn)
 R - the +1 robe "Dubunel" {rF+ rC+ Slay-2}
   (You found it on level 10 of the Dungeon)

   Slay:      It affects your accuracy & damage with ranged weapons and melee
   (-2).
   rF:        It protects you from fire.
   rC:        It protects you from cold.
Jewellery
 v - an amulet of faith (around neck)
 H - a +6 ring of strength (left hand)
 Q - a +6 ring of intelligence (right hand)
Wands
 f - a wand of flame (42)
 o - a wand of paralysis (11)
 L - a wand of digging (5)
 P - a wand of iceblast (11)
Scrolls
 e - 2 scrolls of enchant armour
 m - 3 scrolls of magic mapping
 x - 5 scrolls of fear
 D - a scroll of enchant weapon
 F - 2 scrolls of identify
Potions
 r - 4 potions of heal wounds
 t - 5 potions of cancellation
 u - 3 potions of invisibility
 B - 5 potions of curing
 C - 5 potions of might
 E - 3 potions of ambrosia
 K - a potion of flight


   Skills:
 * Level 9.4 Fighting
 * Level 13.7 Axes
 * Level 10.3 Armour
 * Level 5.8 Dodging
 - Level 9.0 Shields


You had 12 spell levels left.
You didn't know any spells.
Your spell library contained the following spells:

 Spells                   Type           Power      Damage    Failure   Level
 Animate Skeleton         Necr           0%         N/A       71%         1
 Apportation              Tloc           0%         N/A       71%         1
 Corona                   Hex            0%         N/A       71%         1
 Summon Small Mammal      Summ           0%         N/A       71%         1


Dungeon Overview and Level Annotations

Branches:
Dungeon (10/15)            Temple (0/1) D:5            Lair (5/6) D:10
    Orc (0/2) D:10          Sewer (visited)
  Swamp: Lair:2-4    Shoals: Lair:2-4     Snake: Lair:2-4    Spider: Lair:2-4
  Slime: Lair:5-6

Altars:
Elyvilon
Gozag
Hepliaklqana
Kikubaaqudgha
Makhleb
Sif Muna
Trog
Vehumet
Zin
The Shining One

Shops:
D:4 [?[??   D:7 =

Annotations:
D:3 3 runed translucent doors, glosham's ghost, amateur DjAM
D:8 1 runed translucent door, kalagan's ghost, novice DECj
Lair:3 Rupert


Innate Abilities, Weirdness & Mutations

You cannot be hasted, slowed, berserked, paralysed or teleported.
You can dig through walls and to a lower floor.
You have a pair of large antennae on your head. (SInv)
Your four strong arms can wield two-handed weapons with a shield.


Message History

The fire crab barely misses you.
You hit the fire crab.
The fire crab is lightly wounded.
The fire crab breathes flames at you.
The blast of flame engulfs you but does no damage.
You hit the fire crab but do no damage.
The fire crab is lightly wounded.
You are engulfed in blazing flames.
You slash the fire crab!
The fire crab is moderately wounded.
You are engulfed in blazing flames.
The fire crab bites you but does no damage.
The fire crab claws you but does no damage.
You barely miss the fire crab.
The fire crab is moderately wounded.
You are engulfed in blazing flames.
The fire crab bites you!
You are engulfed in flames!
You block the fire crab's attack.
You slash the fire crab!
The fire crab is heavily wounded.
You are engulfed in blazing flames.
* * * LOW HITPOINT WARNING * * *
The fire crab breathes flames at you. The blast of flame engulfs you.
* * * LOW HITPOINT WARNING * * *
You hit the fire crab.
Lightning courses through the fire crab!
The fire crab is severely wounded.
The fire crab breathes flames at you. The blast of flame engulfs you.
* * * LOW HITPOINT WARNING * * *
Unknown command.
You hit the fire crab but do no damage.
The fire crab is severely wounded.
You are engulfed in blazing flames.
* * * LOW HITPOINT WARNING * * *
The fire crab bites you but does no damage.
The fire crab claws you.
* * * LOW HITPOINT WARNING * * *
You are engulfed in flames!
You die...

#....###
##......##
#....)†..#
#.....>#
##......# ####
##.......+.....
##.........#
.#..P.°°°...#
...P..°@°○..#
...##.°°t○.##
#...○○○.#
#.....○..#
####..###.#
#... ## ##..
.#.


You could see a fire crab.

Vanquished Creatures
  A hydra (Lair:2)
  2 catoblepae
  An elephant (D:10)
  A rime drake (Lair:2)
  A black mamba (Lair:1)
  8 cane toads
  11 komodo dragons
  Grinder (D:5)
  A polar bear (Lair:1)
  A wraith (D:10)
  2 wyverns
  20 yaks
  A basilisk (Lair:3)
  Edmund (D:5)
  3 water moccasins
  5 black bears
  A sky beast (D:7)
  An orc warrior (D:6)
  2 ice beasts
  4 necrophages
  An ogre (D:6)
  9 wolves (Lair:2)
  A centaur (D:6)
  4 phantoms
  4 bullfrogs
  4 kobold brigands
  A gnoll sergeant (D:7)
  A scorpion (D:5)
  A water moccasin skeleton (D:5)
  A troll zombie (D:10)
  5 killer bees (D:10)
  8 howler monkeys
  2 centaur zombies
  2 bullfrog zombies
  9 orc priests
  3 bullfrog skeletons
  3 hounds
  A jelly (D:7)
  15 iguanas
  16 orc wizards
  5 ogre zombies (D:10)
  A hound zombie (D:5)
  A hound skeleton (D:5)
  12 gnolls
  6 adders
  12 river rats
  An ufetubus (D:5)
  A worm (D:2)
  3 dart slugs
  28 orcs
  11 ball pythons
  4 bats
  7 endoplasms
  7 giant cockroaches
  11 goblins
  4 hobgoblins
  9 jackals
  9 quokkas
  15 frilled lizards
  3 hobgoblin zombies (D:10)
  20 kobolds
  5 orc skeletons (D:10)
  9 orc zombies (D:10)
  22 rats
  2 bushes (D:3)
367 creatures vanquished.

Vanquished Creatures (collateral kills)
  2 hydras
  A two-headed ogre (D:9)
  A frilled lizard (Lair:2)
4 creatures vanquished.

Vanquished Creatures (others)
  A bat (D:3)
  12 fungi
  23 plants
36 creatures vanquished.

Grand Total: 407 creatures vanquished

Notes
Turn   | Place    | Note
-------+----------+-------------------------------------------
     0 | D:1      | Banquo the Formicid Fighter began the quest for the Orb.
     0 | D:1      | Reached XP level 1. HP: 18/18 MP: 1/1
   140 | D:1      | Reached XP level 2. HP: 12/24 MP: 2/2
   160 | D:1      | HP: 1/24 [frilled lizard (3)]
   537 | D:1      | Reached XP level 3. HP: 29/29 MP: 3/3
  1290 | D:2      | Reached skill level 3 in Axes
  1409 | D:2      | Reached XP level 4. HP: 34/35 MP: 4/4
  1975 | D:2      | Found a faded altar of an unknown god.
  1985 | D:2      | Became a worshipper of Trog the Wrathful
  1985 | D:2      | Reached * piety under Trog
  2083 | D:2      | Reached XP level 5. HP: 39/41 MP: 5/5
  2307 | D:2      | Reached skill level 4 in Axes
  2654 | D:3      | Reached XP level 6. HP: 48/48 MP: 6/6
  2666 | D:3      | Found a glowing drain.
  2676 | D:3      | Reached skill level 1 in Dodging
  2701 | Sewer    | Entered a sewer
  2909 | Sewer    | Reached skill level 5 in Axes
  3115 | Sewer    | Reached XP level 7. HP: 53/54 MP: 7/7
  3185 | Sewer    | Reached ** piety under Trog
  3329 | Sewer    | Reached skill level 5 in Shields
  4236 | D:3      | Found a large runed translucent door.
  4237 | D:3      | Found a large runed translucent door.
  4281 | D:3      | Found a runed translucent gate.
  4290 | D:3      | Found a runed translucent gate.
  4291 | D:3      | Found a runed translucent gate.
  4293 | D:3      | Noticed glosham's ghost (amateur DjAM)
  4593 | D:3      | Found a burning altar of Makhleb.
  4596 | D:3      | Found a shimmering blue altar of Sif Muna.
  4740 | D:4      | Reached skill level 6 in Axes
  4874 | D:4      | Found Zuvap's Magic Scroll Emporium.
  4882 | D:4      | Bought a scroll of magic mapping for 49 gold pieces
  4990 | D:4      | Found Ijoh's Armour Shoppe.
  5110 | D:4      | Found Viosida's Magic Scroll Emporium.
  5150 | D:4      | Found Sahouto's Magic Scroll Boutique.
  5156 | D:4      | Found Tuenkeog's Armour Shoppe.
  5464 | D:5      | Entered Level 5 of the Dungeon
  5774 | D:5      | Noticed Grinder
  5805 | D:5      | Killed Grinder
  5806 | D:5      | Reached skill level 7 in Axes
  5806 | D:5      | Reached XP level 8. HP: 37/61 MP: 8/8
  6069 | D:5      | Found a staircase to the Ecumenical Temple.
  6135 | D:5      | Found an opulent altar of Gozag.
  6163 | D:5      | Reached skill level 5 in Armour
  6420 | D:5      | Noticed Edmund
  6445 | D:5      | Killed Edmund
  6555 | D:5      | Reached *** piety under Trog
  6578 | D:5      | Reached skill level 8 in Axes
  6620 | D:5      | Reached XP level 9. HP: 58/67 MP: 9/9
  6664 | D:5      | Reached skill level 5 in Fighting
  7535 | D:6      | Reached skill level 9 in Axes
  8032 | D:6      | Reached **** piety under Trog
  8226 | D:6      | Reached XP level 10. HP: 51/74 MP: 10/10
  8407 | D:7      | Found Ewnireg's Jewellery Shoppe.
  8972 | D:7      | Reached skill level 10 in Axes
  9453 | D:8      | Found a glowing golden altar of the Shining One.
  9564 | D:8      | Found a radiant altar of Vehumet.
  9738 | D:8      | Found a runed translucent door.
 10002 | D:8      | Noticed kalagan's ghost (novice DECj)
 10003 | D:8      | Identified the +5 trident of Might {vorpal, rF+ rC+ Int+2}
 10541 | D:9      | Reached ***** piety under Trog
 10615 | D:9      | Noticed a two-headed ogre
 10629 | D:9      | Killed a two-headed ogre
 10630 | D:9      | Reached skill level 11 in Axes
 10630 | D:9      | Reached XP level 11. HP: 69/83 MP: 11/11
 11221 | D:10     | Entered Level 10 of the Dungeon
 11389 | D:10     | Identified the +1 robe "Dubunel" {rF+ rC+ Slay-2}
 11605 | D:10     | Found a staircase to the Lair.
 11605 | D:10     | Noticed an elephant
 11619 | D:10     | Killed an elephant
 11744 | D:10     | Received a gift from Trog
 11926 | D:10     | Found an ancient bone altar of Kikubaaqudgha.
 11930 | D:10     | Found a hazy altar of Hepliaklqana.
 11930 | D:10     | Found a glowing silver altar of Zin.
 11936 | D:10     | Found a white marble altar of Elyvilon.
 12060 | D:10     | Found a staircase to the Orcish Mines.
 12384 | Lair:1   | Entered Level 1 of the Lair of Beasts
 12538 | Lair:1   | Reached skill level 12 in Axes
 12603 | Lair:1   | Identified a scroll of acquirement
 12603 | Lair:1   | Acquired 748 gold pieces
 13541 | Lair:1   | Noticed a four-headed hydra
 13554 | Lair:1   | Killed a four-headed hydra
 13981 | Lair:1   | Reached skill level 5 in Dodging
 13983 | Lair:1   | Reached XP level 12. HP: 65/92 MP: 12/12
 14397 | Lair:2   | Noticed a catoblepas
 14411 | Lair:2   | Noticed a seven-headed hydra
 14415 | Lair:2   | Killed a catoblepas
 14864 | Lair:2   | Reached skill level 13 in Axes
 14880 | Lair:2   | You fall into a shaft and drop 1 floor!
 15186 | Lair:3   | Noticed Rupert
 15971 | Lair:2   | Noticed a four-headed hydra
 16080 | Lair:2   | Killed a seven-headed hydra
 16486 | Lair:2   | Killed a four-headed hydra
 17405 | Lair:2   | Reached skill level 10 in Armour
 17653 | Lair:3   | Noticed a catoblepas
 17663 | Lair:3   | Killed a catoblepas
 17892 | Lair:3   | You fall into a shaft and drop 2 floors!
 17897 | Lair:5   | Reached XP level 13. HP: 101/101 MP: 13/13
 17920 | Lair:4   | HP: 3/101 [fire crab (4)]
 17920 | Lair:4   | Mangled by a fire crab

Illustrated notes

Levels and vault maps discovered:
D:1:      tarquinn_simple_flora_water_d, layout_basic
D:2:      layout_loops_ring, ebering_ecumenical_altar_abandoned
D:3:      layout_basic, jmf_multi_god_temple2, gammafunk_ghost_necromancy,
          portal_sewer_entry_b, minmay_hedge_maze, lemuel_old_faithful
D:4:      layout_loops_ring, serial_shops, shop, shop, shop_statue, shop, shop
D:5:      layout_basic, mainiacjoe_overflow_alcove_4,
          minmay_temple_entry_sparse_star, grunt_decor_one_mirror,
          minmay_misc_feat_rows, minmay_joined_circles, uniq_grinder,
          uniq_edmund
D:6:      layout_basic, minmay_ogre_servants
D:7:      layout_rooms, serial_shops, nicolae_diamond_shop, serial_curves,
          eino_curves_03, eino_curves_02, eino_curves_04,
          nicolae_underground_beach
D:8:      layout_loops_ring, lemuel_coloured_pillars_altar,
          nicolae_vehumet_altar_sigil, ebering_ghost_funeral_grove,
          hangedman_abyss_or_decor_stagger
D:9:      layout_irregular_city
D:10:     layout_roguey, grunt_temple_overflow_open, david_lair_generic,
          zombieorc1_lemuel
Lair:1:   layout_cellular_growth
Lair:2:   lemuel_reptile_caves, layout_regular_city,
          chequers_serial_rivers_large_b, grunt_megastairs_4
Lair:3:   layout_chaotic_city, serial_bayou_shore_b, grunt_megastairs_3,
          uniq_rupert
Lair:4:   layout_roguey, nicolae_swamp_entry_splash_gauntlet,
          minmay_snake_entry_guardpost_small, special_room [special_room_bee],
          beast_lair_carwin_11, uniq_sonja
Lair:5:   layout_big_grid, portal_ice_cave_entry_animals_and_master,
          kennysheep_basilisk_garden, grunt_megastairs_1

Skill      XL: |  1  2  3  4  5  6  7  8  9 10 11 12 |
---------------+-------------------------------------+-----
Shields        | 4 5 7 8 9 |  9.0
Axes           | 3 4 5 7 8 9 11 12 13 | 13.7
Dodging        | 1 2 3 4 5 |  5.8
Armour         | 4 5 6 7 8 10 | 10.3
Fighting       | 4 5 6 8 9 |  9.4

Action                   |  1- 3 |  4- 6 |  7- 9 | 10-12 | 13-15 || total
-------------------------+-------+-------+-------+-------+-------++-------
Melee: War axe           |   135 |   179 |   375 |   582 |     9 ||  1280
       Spear             |       |       |       |    31 |       ||    31
Invok: Trog's Hand       |       |       |     1 |     1 |       ||     2
       Brothers in Arms  |       |       |       |     3 |       ||     3
 Abil: Dig               |     1 |     7 |    21 |    31 |       ||    60
       Shaft Self        |       |       |       |     1 |       ||     1
  Use: Scroll            |       |     8 |     8 |     8 |       ||    24
       Potion            |       |       |     1 |       |       ||     1
Armor: Scale mail        |    76 |    58 |    48 |       |       ||   182
       Chain mail        |       |       |    79 |   134 |     6 ||   219
Dodge: Dodged            |    41 |    50 |   109 |   128 |     1 ||   329
Block: Kite shield       |    89 |    78 |   213 |   291 |     2 ||   673
